 Dungeon Crawl Stone Soup version 0.17-a0-1842-gacc33f2 (webtiles) character file.

105 nubinia the Magician (level 4, -4/31 HPs)
             Began as a Demonspawn Wizard on Sept 17, 2015.
             Was an Initiate of Vehumet.
             Slain by a worm (10 damage)
             ... on level 2 of the Dungeon.
             The game lasted 00:11:07 (2766 turns).

nubinia the Magician (Demonspawn Wizard)            Turns: 2766, Time: 00:11:07

Health: -4/31      AC:  3    Str:  8    XL:     4   Next: 54%
Magic:  2/10       EV: 12    Int: 23    God:    Vehumet [......]
Gold:   66         SH:  0    Dex: 11    Spells: 4 memorised, 2 levels left

rFire  . . .     SeeInvis .     h - +0 dagger
rCold  . . .     Clarity  .     a - +0 robe
rNeg   . . .     SustAt   .     (no shield)
rPois  .         Gourm    .     b - +0 hat
rElec  .         Spirit   .     (no cloak)
rCorr  .         Warding  .     (no gloves)
rMut   .         Stasis   .     (no boots)
MR     .....                    (no amulet)
Stlth  ++........               (no ring)
                                i - +3 ring of intelligence

@: repel missiles, not resistant to hostile enchantments, unstealthy
A: rugged brown scales 1, rot immunity
a: Renounce Religion


You were on level 2 of the Dungeon.
You worshipped Vehumet.
Vehumet was noncommittal.
You were hungry.

You visited 1 branch of the dungeon, and saw 2 of its levels.

You collected 66 gold pieces.

Inventory:

Hand weapons
 e - a +0 hand axe
 h - a +0 dagger (weapon)
Armour
 a - a +0 robe (worn)
 b - a +0 hat (worn)
Jewellery
 i - a +3 ring of intelligence (left hand)
Scrolls
 f - a scroll of enchant weapon {unknown}
 g - a scroll of teleportation {unknown}
 l - a scroll of recharging {unknown}
 m - a scroll of enchant armour {unknown}
 o - a scroll of identify {unknown}
Potions
 j - a potion of brilliance {unknown}
 n - a potion of curing {unknown}
Books
 c - a book of Minor Magic

   Spells                             Type                      Level
   a - Magic Dart                     Conjuration                  1
   b - Blink                          Translocation                2
   c - Call Imp                       Summoning                    2
   d - Repel Missiles                 Charms/Air                   2
   e - Slow                           Hexes                        2
   f - Conjure Flame                  Conjuration/Fire             3
   g - Mephitic Cloud                 Conjuration/Poison/Air       3
Comestibles
 d - a bread ration
 k - 2 chunks of flesh


   Skills:
 + Level 0.8 Fighting
 + Level 0.3 Short Blades
 + Level 2.5 Dodging
 + Level 2.1 Stealth
 + Level 4.0 Spellcasting
 + Level 2.0 Conjurations
   Level 1.0 Summonings
   Level 0.8 Translocations


You had 2 spell levels left.
You knew the following spells:

 Your Spells              Type           Power        Failure   Level  Hunger
a - Magic Dart            Conj           ##..         4%          1    None
b - Conjure Flame         Conj/Fire      #.......     21%         3    ##.....
c - Mephitic Cloud        Conj/Pois/Air  #.......     24%         3    ##.....
r - Repel Missiles        Chrm/Air       #.....       17%         2    #......


Dungeon Overview and Level Annotations

Branches:
Dungeon (2/15)

Altars:
Kikubaaqudgha
Okawaru
Vehumet


Innate Abilities, Weirdness & Mutations

You are partially covered in rugged brown scales (AC +1, +3% HP).
You are immune to rotting.


Message History

Unknown command.
Casting: Magic Dart
Confirm with . or Enter, or press ? or * to list all spells.
Aiming: Magic Dart
Press: ? - help, Shift-Dir - straight line, f/p - worm
Aim: a worm (lightly wounded)
The magic dart hits the worm.
The worm is moderately wounded.
Unknown command.
Unknown command.
Unknown command.
Casting: Magic Dart
Confirm with . or Enter, or press ? or * to list all spells.
Aiming: Magic Dart
Press: ? - help, Shift-Dir - straight line, f/p - worm
Aim: a worm (moderately wounded)
The magic dart hits the worm.
The worm is moderately wounded.
The worm bites you!
You die...

#...##w## #...#.#
##.##########
.......# ...##.# #.#
.......# ....##.#
##.#########
.......# #....##.#
#.....g.....
#......#
#...........
#g#############
#........g.g +.#
#≈≈≈≈≈≈≈≈#
#...........
#.####........####
#............
#..............w@#
#............
######........####
#............
#≈≈≈≈≈≈≈≈#
#............
##########
#............
#............
#......)..... #.#.
#............
###...#
#............
.....###...#...#..##


You could see a worm.

Vanquished Creatures
  4 gnolls
  2 oozes
  A worm (D:1)
  A ball python (D:1)
  6 bats
  2 bat zombies (D:2)
  5 giant cockroaches (D:1)
  9 goblins
  6 hobgoblins
  6 jackals (D:1)
  4 giant newts (D:1)
  6 kobolds (D:1)
  4 rats (D:1)
56 creatures vanquished.

Vanquished Creatures (others)
  A hobgoblin (D:2)
1 creature vanquished.

Grand Total: 57 creatures vanquished

Notes
Turn   | Place    | Note
--------------------------------------------------------------
     0 | D:1      | nubinia the Demonspawn Wizard began the quest for the Orb.
     0 | D:1      | Reached XP level 1. HP: 13/13 MP: 4/4
   355 | D:1      | Gained mutation: You are partially covered in rugged brown scales (AC +1, +3% HP). [demonic ancestry]
   355 | D:1      | Reached XP level 2. HP: 13/19 MP: 1/6
   975 | D:1      | Learned a level 2 spell: Repel Missiles
  1369 | D:1      | Reached XP level 3. HP: 18/25 MP: 4/8
  1374 | D:1      | Learned a level 3 spell: Mephitic Cloud
  1378 | D:1      | Learned a level 3 spell: Conjure Flame
  2349 | D:1      | Gained mutation: You are immune to rotting. [demonic ancestry]
  2349 | D:1      | Reached XP level 4. HP: 23/31 MP: 9/9
  2582 | D:2      | Found a radiant altar of Vehumet.
  2586 | D:2      | Became a worshipper of Vehumet
  2665 | D:2      | Reached skill level 4 in Spellcasting
  2705 | D:2      | Found an iron altar of Okawaru.
  2743 | D:2      | Found an ancient bone altar of Kikubaaqudgha.
  2766 | D:2      | Slain by a worm

Vault maps used:
D:1:      ncdulo_smallfort, minmay_misc_feat_cross, st_stairs_11
D:2:      okawaru_gym_becter, lemuel_zombie_altar_kikubaaqudgha,
          vehumet_crystals, minmay_misc_feat_square, lemuel_old_faithful

Action                   |  1- 3 |  4- 6 || total
-------------------------+-------+-------++-------
Melee: Hand axe          |    10 |       ||    10
       Dagger            |    98 |    38 ||   136
 Cast: Magic Dart        |    85 |    35 ||   120
       Repel Missiles    |     1 |     1 ||     2
 Stab: Sleeping          |     3 |       ||     3
  Eat: Chunk             |     4 |     1 ||     5
